Map: Romanticide LE

Players

Hellraiser - Winner!

  • Race: Protoss Protoss

DnS

  • Race: Protoss Protoss

Event: DreamHack SC2 Masters 2021 Fall

VOD

Have the link to the VOD?

Description

Time

  • Played on: Aug. 4, 2021, 1 p.m.
  • Length: 16:48

All games in this series

Show
View Real Time Build Order
Export as new Build Order

Hellraiser Protoss - Winner!

Build Orders: Oracle Opening, Carriers 

Get SALT Encoding   

  12  0:00  Probe  
  13  0:12  Probe  
  14  0:17  Pylon  
  14  0:24  Probe (Chrono Boost)  
  15  0:36  Probe (Chrono Boost)  
  15  0:37  Gateway  
  16  0:44  Probe (Chrono Boost)  
  16  0:45  Assimilator  
  17  0:51  Probe  
  17  0:55  Assimilator  
  18  1:03  Probe (Chrono Boost)  
  19  1:08  Gateway  
  19  1:13  Probe (Chrono Boost)  
  19  1:18  Probe (Chrono Boost)  
  20  1:25  Cybernetics Core  
  21  1:30  Probe  
  22  1:37  Pylon  
  22  1:42  Probe  
  23  1:55  Probe  
  24  2:01  Adept x2  
  24  2:04  Warp Gate  
  24  2:07  Probe  
  29  2:14  Pylon  
  29  2:26  Stargate  
  29  2:31  Adept  
  29  2:33  Adept  
  33  2:42  Probe  
  34  2:54  Pylon, Probe  
  35  3:06  Probe  
  35  3:07  Oracle (Chrono Boost)  
  39  3:22  Probe  
  40  3:28  Nexus  
  40  3:35  Probe  
  40  3:37  Oracle (Chrono Boost)  
  44  3:43  Pylon  
  44  3:51  Probe  
  41  3:55  Robotics Facility  
  41  4:03  Probe  
  42  4:16  Probe  
  43  4:18  Void Ray (Chrono Boost)  
  43  4:23  Shield Battery  
  43  4:28  Probe  
  48  4:32  Assimilator  
  46  4:40  Probe  
  46  4:42  Probe  
  46  4:45  Immortal (Chrono Boost)  
  43  4:52  Probe  
  48  4:55  Probe  
  48  4:56  Void Ray  
  49  5:04  Probe  
  54  5:07  Probe  
  55  5:16  Probe  
  55  5:18  Immortal (Chrono Boost)  
  55  5:19  Probe  
  61  5:28  Probe  
  61  5:30  Assimilator  
  61  5:31  Probe  
  61  5:33  Stargate  
  63  5:40  Probe  
  63  5:42  Pylon  
  64  5:43  Probe  
  65  5:52  Probe  
  65  5:56  Nexus  
  66  6:00  Void Ray (Chrono Boost)  
  70  6:12  Probe  
  70  6:13  Probe  
  70  6:14  Pylon  
  70  6:16  Void Ray (Chrono Boost)  
  72  6:24  Probe  
  77  6:25  Probe  
  77  6:26  Protoss Air Weapons Level 1  
  77  6:32  Void Ray (Chrono Boost)  
  79  6:33  Observer  
  79  6:37  Probe x2  
  79  6:38  Shield Battery  
  85  6:42  Pylon  
  85  7:01  Void Ray (Chrono Boost), Probe x2  
  89  7:03  Forge  
  89  7:06  Pylon  
  89  7:08  Pylon  
  91  7:09  Probe  
  91  7:11  Shield Battery  
  91  7:13  Probe x2  
  91  7:14  Void Ray (Chrono Boost)  
  98  7:21  Probe  
  99  7:24  Stargate  
  99  7:25  Probe  
  99  7:26  Probe  
  99  7:27  Void Ray (Chrono Boost)  
  101  7:33  Probe  
  101  7:36  Assimilator  
  106  7:38  Probe  
  106  7:39  Assimilator  
  106  7:40  Shield Battery  
  106  7:42  Photon Cannon  
  107  7:46  Pylon  
  111  7:52  Void Ray (Chrono Boost)  
  111  7:58  Void Ray (Chrono Boost)  
  111  8:00  Void Ray (Chrono Boost)  
  111  8:09  Pylon  
  111  8:10  Pylon  
  111  8:12  Photon Cannon  
  119  8:17  Shield Battery, Photon Cannon  
  119  8:23  Fleet Beacon  
  119  8:27  Void Ray  
  123  8:36  Photon Cannon  
  123  8:41  Photon Cannon  
  123  8:43  Void Ray  
  123  8:44  Pylon  
  123  8:46  Adept  
  123  8:47  Shield Battery  
  123  8:48  Void Ray  
  133  9:03  Flux Vanes  
  133  9:12  Nexus, Void Ray (Chrono Boost)  
  133  9:14  Pylon  
  133  9:18  Protoss Air Weapons Level 2 (Chrono Boost)  
  137  9:29  Void Ray (Chrono Boost)  
  137  9:30  Void Ray (Chrono Boost)  
  141  9:33  Shield Battery  
  141  9:35  Shield Battery  
  145  9:39  Shield Battery  
  145  9:46  Pylon  
  145  9:57  Photon Cannon x2  
  145  9:59  Photon Cannon  
  145  10:00  Shield Battery  
  145  10:02  Pylon  
  145  10:03  Pylon  
  145  10:04  Probe x3  
  148  10:16  Probe  
  148  10:19  Carrier x2 (Chrono Boost)  
  149  10:22  Probe  
  162  10:29  Carrier (Chrono Boost)  
  169  10:35  Probe  
  169  10:36  Probe  
  169  10:40  Photon Cannon  
  169  10:42  Probe x2  
  172  10:43  Assimilator  
  172  10:48  Assimilator, Cybernetics Core  
  172  10:50  Probe  
  149  11:11  Carrier (Chrono Boost), Probe  
  149  11:12  Probe  
  149  11:13  Probe  
  149  11:16  Probe  
  161  11:20  Carrier (Chrono Boost)  
  161  11:25  Probe  
  168  11:29  Carrier (Chrono Boost)  
  167  11:38  Photon Cannon  
  167  11:39  Protoss Air Weapons Level 3 (Chrono Boost)  
  167  11:40  Photon Cannon  
  167  11:42  Observer, Photon Cannon  
  167  11:43  Shield Battery x2  
  168  11:55  Mothership (Chrono Boost)  
  168  11:58  Pylon  
  176  12:14  Protoss Air Armor Level 1 (Chrono Boost)  
  166  12:24  Pylon, Carrier (Chrono Boost)  
  166  12:25  Pylon  
  166  12:43  Adept x2  
  175  12:52  Carrier (Chrono Boost)  
  173  13:02  Pylon, Probe (Chrono Boost)  
  173  13:14  Photon Cannon  
  173  13:20  Probe  
  180  13:31  Observer  
  180  13:33  Nexus  
  178  14:07  Observer  
  166  14:42  Pylon  
  166  14:45  Pylon  
  166  14:54  Nexus  
  151  15:07  Stargate  
  151  15:08  Stargate  
  151  15:10  Stargate  
  144  15:24  Forge  
  144  15:26  Gateway  
  144  15:28  Pylon  
  144  15:29  Pylon  
  144  15:37  Pylon  
  144  15:46  Pylon x2  
  144  15:48  Pylon  
  144  15:57  Pylon  
  144  15:58  Photon Cannon, Void Ray x2  
  144  16:00  Void Ray  
  144  16:02  Photon Cannon  
  144  16:04  Photon Cannon  
  148  16:05  Shield Battery  
Show
View Real Time Build Order
Export as new Build Order

DnS Protoss 

Build Orders: Zealot Archon 

Get SALT Encoding   

  12  0:00  Probe  
  13  0:12  Probe  
  14  0:17  Pylon  
  14  0:24  Probe (Chrono Boost)  
  15  0:36  Gateway, Probe (Chrono Boost)  
  16  0:44  Probe (Chrono Boost)  
  16  0:45  Assimilator  
  17  0:51  Probe  
  17  0:55  Assimilator  
  18  1:03  Probe (Chrono Boost)  
  19  1:08  Gateway  
  19  1:12  Probe (Chrono Boost)  
  19  1:17  Probe (Chrono Boost)  
  20  1:24  Cybernetics Core  
  21  1:29  Probe  
  22  1:36  Pylon  
  22  1:41  Probe  
  23  1:54  Probe  
  24  2:01  Stalker  
  24  2:02  Sentry, Warp Gate  
  24  2:06  Probe  
  29  2:12  Pylon  
  29  2:18  Probe  
  30  2:26  Pylon  
  30  2:30  Sentry  
  32  2:41  Sentry  
  34  2:51  Nexus  
  34  2:59  Probe  
  34  3:05  Stalker  
  37  3:08  Shield Battery  
  37  3:14  Probe  
  38  3:20  Pylon  
  38  3:26  Probe  
  39  3:32  Shield Battery  
  39  3:38  Probe  
  39  3:39  Shield Battery  
  39  3:51  Stalker x2  
  39  3:54  Probe  
  44  4:01  Twilight Council  
  44  4:05  Probe  
  44  4:07  Probe (Chrono Boost)  
  46  4:17  Probe (Chrono Boost)  
  46  4:19  Probe (Chrono Boost)  
  48  4:26  Probe (Chrono Boost)  
  48  4:27  Probe (Chrono Boost)  
  50  4:35  Stalker x2  
  49  4:38  Blink (Chrono Boost)  
  49  4:40  Probe (Chrono Boost)  
  49  4:42  Probe (Chrono Boost)  
  46  4:52  Probe (Chrono Boost)  
  48  4:53  Forge, Probe (Chrono Boost)  
  48  4:58  Sentry, Probe (Chrono Boost)  
  48  4:59  Sentry, Probe (Chrono Boost)  
  54  5:06  Probe  
  55  5:08  Probe  
  56  5:18  Probe  
  56  5:26  Protoss Ground Weapons Level 1  
  56  5:27  Nexus  
  56  5:29  Pylon  
  56  5:30  Probe  
  56  5:31  Probe  
  56  5:33  Assimilator  
  58  5:41  Robotics Facility  
  58  5:45  Probe x2  
  60  5:52  Gateway  
  60  5:55  Gateway  
  60  5:57  Probe x2  
  62  6:09  Stalker x2, Probe x2 (Chrono Boost)  
  68  6:12  Shield Battery  
  68  6:21  Probe x2 (Chrono Boost)  
  68  6:22  Pylon  
  68  6:25  Charge (Chrono Boost), Templar Archives  
  70  6:36  Pylon  
  72  6:40  Probe x2 (Chrono Boost)  
  72  6:44  Gateway x2, Probe (Chrono Boost)  
  73  6:53  Probe (Chrono Boost)  
  76  6:54  Probe x2 (Chrono Boost)  
  76  6:57  Nexus  
  76  6:59  Pylon  
  77  7:01  Observer  
  77  7:02  Probe x3  
  80  7:14  Probe x3  
  83  7:16  Gateway  
  83  7:18  Gateway x2  
  83  7:21  Gateway  
  83  7:25  Protoss Ground Weapons Level 2 (Chrono Boost), Gateway  
  83  7:26  Gateway  
  83  7:30  Probe x3  
  83  7:32  Assimilator  
  83  7:34  Assimilator  
  83  7:35  Assimilator  
  86  7:40  High Templar  
  86  7:41  High Templar  
  86  7:42  Probe x2  
  92  7:45  Archon  
  92  7:48  Probe  
  92  7:50  Pylon  
  91  7:54  Probe x2  
  91  7:56  Observer  
  91  7:57  Photon Cannon  
  91  8:00  Observer  
  91  8:04  Photon Cannon  
  91  8:05  High Templar x2  
  93  8:06  Zealot x2  
  93  8:07  Probe  
  93  8:11  Archon  
  100  8:13  Probe x2  
  100  8:15  Photon Cannon  
  100  8:18  Probe  
  100  8:19  Probe  
  104  8:25  Stargate  
  104  8:28  Probe x2  
  104  8:30  Probe  
  104  8:31  Probe  
  106  8:35  High Templar x2, Zealot x5  
  106  8:38  Pylon  
  106  8:40  Probe  
  121  8:42  Probe  
  121  8:43  Probe  
  121  8:47  Archon, Probe  
  124  8:48  Assimilator  
  124  8:50  Assimilator  
  124  8:51  Pylon  
  124  8:52  Pylon, Probe  
  125  8:57  High Templar x2, Zealot x2  
  125  9:00  Shield Battery  
  125  9:01  Archon  
  133  9:04  Warp Prism (Chrono Boost)  
  135  9:16  Probe x2  
  136  9:25  Photon Cannon, High Templar x2, Stalker x2  
  136  9:26  Zealot x4  
  136  9:29  Pylon  
  136  9:30  Archon  
  136  9:31  Pylon  
  152  9:33  Observer (Chrono Boost)  
  153  9:38  Nexus  
  153  9:47  Pylon  
  153  9:52  Pylon, High Templar x4  
  159  9:53  Zealot  
  159  9:54  Zealot x2  
  159  9:57  Archon x2  
  167  10:02  Pylon  
  167  10:03  Pylon  
  167  10:05  Probe x4  
  171  10:07  Stalker  
  169  10:25  Psionic Storm  
  169  10:26  Stalker x7  
  169  10:28  Shield Battery  
  169  10:40  High Templar  
  169  10:41  High Templar  
  173  10:50  Stalker  
  173  10:51  Stalker x4  
  165  11:13  Zealot x5  
  168  11:20  Nexus  
  158  11:29  High Templar x4  
  164  11:34  Pylon  
  164  11:35  Probe x3  
  167  11:42  Fleet Beacon  
  167  11:43  Pylon  
  167  11:44  Pylon  
  167  11:48  Assimilator x2  
  167  11:51  Photon Cannon  
  167  12:00  Zealot x3  
  168  12:15  Pylon  
  168  12:16  Gateway  
  168  12:17  Zealot x2  
  168  12:19  Gateway x2  
  168  12:20  Gateway  
  168  12:22  Gateway  
  132  12:44  Probe x2  
  132  12:45  Cybernetics Core, Probe x2  
  132  12:47  Pylon  
  132  12:50  Pylon  
  118  12:52  Pylon  
  118  12:53  Archon  
  118  12:54  Mothership (Chrono Boost)  
  118  12:58  High Templar x3  
  118  13:01  Pylon  
  118  13:03  Pylon, Observer  
  118  13:05  Pylon, Archon  
  121  13:07  Pylon  
  121  13:18  Nexus  
  121  13:19  Pylon, High Templar x4  
  129  13:23  Sentry  
  129  13:24  Sentry, Archon x2  
  129  13:25  Archon  
  133  13:35  High Templar x4  
  133  13:39  Archon x2  
  139  13:47  Probe x3 (Chrono Boost)  
  142  13:49  Pylon  
  144  13:56  High Templar  
  144  13:57  High Templar, Stalker x2, Zealot  
  144  13:58  Zealot x3, Probe x3 (Chrono Boost)  
  144  14:01  Archon  
  161  14:03  Observer  
  161  14:04  Phoenix  
  166  14:12  Probe x2 (Chrono Boost)  
  153  14:22  High Templar x2, Zealot x9  
  165  14:29  Archon  
  143  14:39  Cybernetics Core  
  143  14:48  Oracle (Chrono Boost)  
  143  14:49  Pylon  
  112  15:29  High Templar  
  112  15:30  High Templar x3  
  112  15:34  Archon  
  120  15:35  Archon  
  120  15:40  Probe x2 (Chrono Boost)  
  122  15:47  Nexus  
  124  15:50  Probe x2 (Chrono Boost)  
  124  15:55  Probe x2 (Chrono Boost)  
  124  16:02  High Templar x2, Zealot x3  
  124  16:03  Zealot x3  
  140  16:07  Archon, Probe  
  117  16:26  High Templar x2  
  117  16:27  Zealot x3  
  117  16:32  Archon  
  80  16:41  Stalker x2  

Tags
 
Add a new tag
Caveats
  • Supply blocks, unpowered buildings, or Contaminate may cause inaccurate times.
  • Supply counts are checked every 10 seconds.